 Dungeon Crawl Stone Soup version 0.18-a0-337-g1235303 (webtiles) character file.

21 Raultor the Ruffian (level 2, 0/23 HPs)
             Began as a Draconian Transmuter on Nov 28, 2015.
             Slain by a giant newt (2 damage)
             ... on level 1 of the Dungeon.
             The game lasted 00:00:55 (242 turns).

Raultor the Ruffian (Draconian Transmuter)           Turns: 242, Time: 00:00:56

Health: 0/23       AC:  4    Str: 12    XL:     2   Next: 62%
Magic:  4/5        EV: 12    Int: 13    God:
Gold:   6          SH:  0    Dex: 11    Spells: 1 memorised, 4 levels left

rFire  . . .     SeeInvis .       - Unarmed
rCold  . . .     Clarity  .     (armour unavailable)
rNeg   . . .     SustAt   .     (no shield)
rPois  .         Gourm    .     (helmet restricted)
rElec  .         Spirit   .     (no cloak)
rCorr  .         Warding  .     (no gloves)
rMut   .         Stasis   .     (boots currently unavailable)
MR     .....                    (no amulet)
Stlth  +.........               (no ring)
                                (no ring)

@: appendage (expiring), not resistant to hostile enchantments, very unstealthy
A: unfitting armour, talons 3, cold-blooded, AC +4
a: End Transformation


You were on level 1 of the Dungeon.
You were not hungry.
You had grown temporary talons.
You visited 1 branch of the dungeon, and saw 1 of its levels.

You collected 6 gold pieces.

Inventory:

Missiles
 a - 12 arrows
Scrolls
 f - a scroll of remove curse {unknown}
 j - a scroll of recharging {unknown}
Potions
 e - 2 potions of invisibility {unknown}
 h - a potion of agility {unknown}
 i - a potion of haste {unknown}
Books
 b - a book of Changes

   Spells                             Type                      Level
   a - Beastly Appendage              Transmutation                1
   b - Sticks to Snakes               Transmutation                2
   c - Spider Form                    Transmutation/Poison         3
   d - Ice Form                       Ice/Transmutation            4
   e - Blade Hands                    Transmutation                5
Comestibles
 c - a bread ration
 d - 3 chunks of flesh
 g - a beef jerky


   Skills:
 - Level 1.1 Fighting
 - Level 1.7 Dodging
 + Level 3.5 Unarmed Combat
 - Level 2.0 Spellcasting
 * Level 2.6 Transmutations


You had 4 spell levels left.
You knew the following spells:

 Your Spells              Type           Power        Failure   Level  Hunger
a - Beastly Appendage     Trmt           #.....       10%         1    ##.....


Dungeon Overview and Level Annotations

Branches:
Dungeon (1/15)

Altars:


Innate Abilities, Weirdness & Mutations

Your plain brown scales are hard (AC +4).
Your body does not fit into most forms of armour.
You are cold-blooded and may be slowed by cold attacks.
You have claws for feet.


Message History

You closely miss the kobold. Your kick misses the kobold.
The kobold hits you but does no damage.
You barely miss the kobold. You claw the kobold.
The kobold is moderately wounded.
The kobold hits you but does no damage.
You barely miss the kobold. You claw the kobold.
The kobold is severely wounded.
The kobold barely misses you.
You closely miss the kobold. Your kick misses the kobold.
You tail-slap the kobold, but do no damage.
The kobold is severely wounded.
Your transformation is almost over.
You closely miss the kobold. You claw the kobold.
You kill the kobold!
You closely miss the giant newt. Your kick misses the giant newt.
The giant newt bites you.
* * * LOW HITPOINT WARNING * * *
You completely miss the giant newt.
Your tail-slap misses the giant newt.
The giant newt bites you.
You die...

##......##### #...
#.....<.....+ #...
#....##......##### ....
.... ##....## .... #...
##...# .... ####... ##..#
... ... .......
##.#............
.......######+#..###.....[.
.........l@.....##....##..#
........###...............#
######..........#...#....##
#.K.##.........###....#.
#...######..............#.
...## #........#...)..(...
.. #.#..............##. .
###.#.#....#..#######.
#..........##..## ##.


You could see a giant newt.

Vanquished Creatures
  An ooze (D:1)
  A giant gecko (D:1)
  A giant cockroach (D:1)
  2 hobgoblins (D:1)
  6 kobolds (D:1)
  A bat (D:1)
  A giant newt (D:1)
  A rat (D:1)
14 creatures vanquished.

Notes
Turn   | Place    | Note
--------------------------------------------------------------
     0 | D:1      | Raultor the Draconian Transmuter began the quest for the Orb.
     0 | D:1      | Reached XP level 1. HP: 16/16 MP: 3/3
   106 | D:1      | Reached XP level 2. HP: 21/23 MP: 5/5
   242 | D:1      | Slain by a giant newt

Vault maps used:
D:1:      mrwooster_arrival_arrow, minmay_unequal

Action                   || total
-------------------------++-------
Melee: Unarmed           ||    72
 Cast: Beastly Appendage ||     1
